AoeStats
← TioMg100

Arena

509504157Analyzed
4v4 RM · 6d ago on Sep 27, 2026· 42m 15s· 8 players
Game mode
Random Map
Map size
Large (8 player)
Population
200
Speed
Normal
Resources
Standard
Victory
Conquest
Starting age
Dark Age
Ending age
Imperial Age
RankedLock teamsTeams togetherTeam positionsShared explorationLock speedFull tech treeHidden civsTurbo modeCheats
Victory
Defeat
🇨🇳 Saxons · China
1175
+14
🇨🇳 Cumans · China
1171
+14
🇵🇪 Inca · Peru
1142
+15
🇲🇽 Italians · Mexico
1107
+16
🇧🇷 Burgundians · Brazil
1146
-16
🇧🇷 Persians · Brazil
1142
-16
🇧🇷 Turks · Brazil
1108
-14
🇧🇷 Vietnamese · Brazil
1085
-13
Borzak4113
0:33 Loom
11:19 Feudal Age
18:49 Castle Age
21:57 Man-at-Arms
22:57 Forging
28:22 Horse Collar
28:31 Double-Bit Axe
29:17 Elite Skirmisher
31:06 Wheelbarrow
30:18 Town Watch
31:28 Bow Saw
34:36 Heavy Plow
35:09 Stone Mining
38:08 Imperial Age
35:33 Pikeman
36:17 Squires
36:46 Fletching
36:57 Padded Archer Armor
38:23 Stone Shaft Mining
37:39 Gold Mining
38:16 Ballistics
37:58 Bodkin Arrow
40:02 Chemistry
38:47 Treadmill Crane
38:57 Arson
39:32 Bracer
41:35 Leather Archer Armor
41:34 Fortified Wall
43:01 Conscription
Inka_Roca
11:35 Feudal Age
15:21 Castle Age
15:15 Double-Bit Axe
16:20 Wheelbarrow
17:28 Bow Saw
18:53 Loom
29:37 Imperial Age
27:52 Ballistics
26:57 Elite Skirmisher
27:43 Thumb Ring
28:04 Fletching
28:28 Squires
29:07 Bodkin Arrow
28:44 Pikeman
29:31 Horse Collar
29:55 Arson
30:20 Scale Mail Armor
30:22 Padded Archer Armor
31:28 Chemistry
30:09 Halberdier
30:54 Town Watch
31:25 Hand Cart
31:40 Bracer
32:00 Forging
34:09 Leather Archer Armor
34:11 Chain Mail Armor
35:31 Ring Archer Armor
35:33 Plate Mail Armor
36:47 Andean Sling
37:08 Conscription
37:57 Iron Casting
39:37 Elite Kamayuk
40:18 Fabric Shields
41:32 Town Patrol
litchi
9:50 Feudal Age
13:49 Castle Age
12:53 Double-Bit Axe
12:52 Horse Collar
15:05 Wheelbarrow
14:47 Bow Saw
18:15 Loom
22:00 Hand Cart
21:53 Gold Mining
23:26 Gold Shaft Mining
23:00 Heavy Plow
28:34 Imperial Age
26:10 Scale Mail Armor
27:48 Chain Mail Armor
27:45 Forging
27:40 Squires
27:26 Arson
27:32 Gambesons
27:08 Man-at-Arms
30:40 Two-Man Saw
29:07 Long Swordsman
30:21 Plate Mail Armor
30:04 Capped Ram
30:42 Two-Handed Swordsman
31:26 Stone Mining
32:07 Siege Engineers
32:43 Iron Casting
32:23 Elite Varangian Guard
33:04 Town Watch
35:34 Champion
36:06 Pikeman
36:39 Fletching
37:07 Heavy Scorpion
38:51 Chemistry
38:12 Ballistics
38:03 Masonry
37:35 Treadmill Crane
39:47 Bodkin Arrow
39:30 Siege Ram
41:24 Halberdier
43:10 Architecture
乌兰巴托
9:00 Feudal Age
10:39 Double-Bit Axe
13:53 Horse Collar
16:40 Gold Mining
16:44 Stone Mining
20:01 Wheelbarrow
22:58 Castle Age
21:47 Scale Barding Armor
21:54 Forging
21:57 Bloodlines
22:49 Loom
24:08 Chain Barding Armor
25:04 Gold Shaft Mining
24:34 Heavy Plow
24:46 Bow Saw
28:41 Hand Cart
30:04 Iron Casting
34:01 Imperial Age
34:06 Cavalier
35:24 Plate Barding Armor
35:50 Blast Furnace
36:19 Crop Rotation
36:53 Two-Man Saw
35:32 Paladin
36:28 Town Watch
36:49 Padded Archer Armor
37:15 Ballistics
37:56 Chemistry
38:31 Parthian Tactics
38:11 Thumb Ring
39:16 Fletching
39:41 Leather Archer Armor
40:54 Bodkin Arrow
41:30 Ring Archer Armor
Mkc
12:33 Feudal Age
16:09 Castle Age
17:50 Double-Bit Axe
21:36 Imperial Age
19:19 Double-Bit Axe
20:13 Gold Mining
21:36 Bow Saw
25:05 Wheelbarrow
26:52 Padded Archer Armor
28:45 Leather Archer Armor
33:54 Ring Archer Armor
34:38 Husbandry
34:49 Bloodlines
TioMg100
9:02 Double-Bit Axe
12:39 Feudal Age
11:13 Horse Collar
13:33 Bow Saw
13:26 Heavy Plow
19:01 Castle Age
22:14 Two-Man Saw
23:24 Fervor
24:54 Gold Mining
24:56 Stone Mining
25:38 Crop Rotation
25:56 Cavalier
28:21 Town Watch
30:35 Wheelbarrow
30:01 Town Patrol
29:47 Loom
32:03 Scale Barding Armor
32:09 Forging
32:18 Husbandry
35:14 Imperial Age
33:01 Hand Cart
32:56 Burgundian Vineyards
34:09 Chain Barding Armor
34:25 Iron Casting
36:12 Gold Shaft Mining
35:22 Paladin
36:46 Plate Barding Armor
37:12 Blast Furnace
36:47 Conscription
41:34 Light Cavalry
duduh69
5:26 Loom
10:51 Feudal Age
15:13 Castle Age
13:31 Double-Bit Axe
14:54 Horse Collar
16:12 Bow Saw
18:40 Wheelbarrow
19:57 Scale Mail Armor
23:22 Hand Cart
23:09 Heavy Plow
24:27 Stone Mining
26:04 Gold Mining
26:53 Stone Shaft Mining
29:00 Town Watch
29:35 Chain Mail Armor
29:30 Forging
29:25 Squires
32:58 Imperial Age
30:30 Fletching
35:21 Iron Casting
34:42 Bodkin Arrow
37:16 Elite Skirmisher
38:02 Thumb Ring
37:59 Padded Archer Armor
38:25 Ballistics
38:58 Leather Archer Armor
42:42 Imperial Age
Lucas Capita
0:28 Loom
11:01 Feudal Age
11:18 Horse Collar
11:25 Double-Bit Axe
17:45 Castle Age
16:22 Stone Mining
18:36 Heavy Plow
19:01 Bow Saw
19:35 Wheelbarrow
24:24 Hand Cart
28:12 Gold Mining
31:54 Imperial Age
29:12 Town Watch
29:42 Fletching
30:03 Forging
29:54 Padded Archer Armor
30:00 Scale Barding Armor
31:38 Ballistics
31:40 Husbandry
31:50 Bloodlines
31:18 Light Cavalry
32:00 Bodkin Arrow
32:41 Iron Casting
32:42 Crop Rotation
33:15 Two-Man Saw
32:29 Hussar
34:18 Conscription
34:51 Hoardings
34:53 Conscription
34:33 Kamandaran
35:53 Blast Furnace
35:13 Chain Barding Armor
34:45 Crossbowman
35:31 Thumb Ring
35:28 Heavy Camel Rider
38:19 Chemistry
37:15 Murder Holes
Connection lost

Rejoining the realm…

Still unreachable

The connection could not be restored.

Session expired

The server has moved on; the page needs a fresh start.